3A
CAPE CORAL REEFERS @ GRIM REAPERS
07/27/2038
 
TOP OF THE 1ST
Cape Coral Reefers batting - Pitching for Grim Reapers : RHP Jack Walker
Pitching: RHP Jack Walker
Batting: LHB Pat Carter 0-0: Ball
1-0: Ball
2-0: Foul Ball, location: 2F
2-1: Fly out, F9 (Flyball, 9, EV 97.5 MPH)
Batting: LHB Fernando Negrete 0-0: Ball
1-0: Swinging Strike
1-1: Fly out, F9 (Flyball, 9LM, EV 93.8 MPH)
Batting: RHB Sadiya Seth 0-0: Ball
1-0: Ball
2-0: Ball
3-0: Called Strike
3-1: Foul Ball, location: 2F
3-2: Ground out 6-3 (Groundball, 56D, EV 96.9 MPH)
Top of the 1st over - 0 runs, 0 hits, 0 errors, 0 left on base; Cape Coral 0 - Grim 0
BOTTOM OF THE 1ST
Grim Reapers batting - Pitching for Cape Coral Reefers : RHP Buzzy Grossman
Pitching: RHP Buzzy Grossman
Batting: LHB Lorenzo Ortíz 0-0: Called Strike
0-1: Ball
1-1: Foul Ball, location: 2F
1-2: Ball
2-2: Ball
3-2: Base on Balls
Batting: RHB Cristo Mercado 0-0: Ball
1-0: Ball
2-0: SINGLE (Line Drive, 8RS, EV 111.2 MPH)
Lorenzo Ortíz to second
Batting: RHB Lonnie Doble 0-0: Foul Ball, location: 2F
0-1: Ball
1-1: Ball
2-1: Ball
3-1: Foul Ball, location: 2F
3-2: Foul Ball, location: 2F
3-2: Base on Balls
Lorenzo Ortíz to third
Cristo Mercado to second
Batting: SHB Fernando Urby 0-0: Ball
1-0: Fly out, F7 (Flyball, 7S, EV 88.8 MPH)
Batting: LHB Lonnie Baker 0-0: Ground out 6-3 (Groundball, 56D, EV 101.9 MPH)
Lorenzo Ortíz scores
Cristo Mercado to third
Lonnie Doble to second
Batting: RHB Hayes Rutherford 0-0: Ball
1-0: Ball
2-0: Foul Ball, location: 2F
2-1: Called Strike
2-2: SINGLE (Groundball, 6MD, EV 101.9 MPH)
Cristo Mercado scores
Lonnie Doble to third
Runner from 3rd tries for Home, SAFE, no throw by CF
Batting: LHB Fernando Guillén 0-0: Ball
1-0: Ball
2-0: Ball
3-0: Called Strike
3-1: Swinging Strike
3-2: Base on Balls
Hayes Rutherford to second
Batting: RHB Alfred Coleman 0-0: Ball
1-0: Called Strike
1-1: Ball
2-1: Called Strike
2-2: Ball
3-2: SINGLE (Groundball, 6D, EV 98.8 MPH)
Hayes Rutherford to third
Fernando Guillén to second
Hayes Rutherford scores
Fernando Guillén to third
Batting: SHB Leonard Davis 0-0: Ball
1-0: Ball
2-0: Called Strike
2-1: Foul Ball, location: 2F
2-2: Ball
3-2: Strikes out swinging
Bottom of the 1st over - 4 runs, 3 hits, 0 errors, 2 left on base; Cape Coral 0 - Grim 4
TOP OF THE 2ND
Cape Coral Reefers batting - Pitching for Grim Reapers : RHP Jack Walker
Batting: RHB Axel Ruschmeyer 0-0: Called Strike
0-1: Ball
1-1: Fly out, F9 (Flyball, 89M, EV 85.6 MPH)
Batting: RHB Jeff Bowers 0-0: Ball
1-0: Ball
2-0: Called Strike
2-1: Foul Ball, location: 2F
2-2: Ball
3-2: Foul Ball, location: 2F
3-2: Foul Ball, location: 2F
3-2: Foul Ball, location: 2F
3-2: Foul Ball, location: 2F
3-2: Strikes out looking
Batting: RHB Woong Byeon 0-0: Ball
1-0: Called Strike
1-1: Called Strike
1-2: Ball
2-2: Strikes out swinging
Top of the 2nd over - 0 runs, 0 hits, 0 errors, 0 left on base; Cape Coral 0 - Grim 4
BOTTOM OF THE 2ND
Grim Reapers batting - Pitching for Cape Coral Reefers : RHP Buzzy Grossman
Batting: LHB Lorenzo Ortíz 0-0: Called Strike
0-1: Ground out U3 (Groundball, 3, EV 109.4 MPH)
Batting: RHB Cristo Mercado 0-0: SINGLE (Groundball, 56D, EV 98.8 MPH)
Batting: RHB Lonnie Doble 0-0: Called Strike
0-1: Ball
1-1: Ball
2-1: Foul Ball, location: 2F
2-2: Ball
3-2: DOUBLE (Line Drive, 5D, EV 96.9 MPH)
Cristo Mercado to third
Runner from 3rd tries for Home, SAFE, throw by LF to home
Batting: SHB Fernando Urby 0-0: Foul Ball, location: 2F
0-1: Ground out 1-3 (Groundball, 15S, EV 65.6 MPH)
Batting: LHB Lonnie Baker 0-0: SINGLE (Groundball, 6MD, EV 103.1 MPH)
Lonnie Doble to third
Runner from 3rd tries for Home, SAFE, no throw by CF
Batting: RHB Hayes Rutherford 0-0: Ball
1-0: Fly out, F3 (Popup, 3SF, EV 71.9 MPH)
Bottom of the 2nd over - 2 runs, 3 hits, 0 errors, 1 left on base; Cape Coral 0 - Grim 6
TOP OF THE 3RD
Cape Coral Reefers batting - Pitching for Grim Reapers : RHP Jack Walker
Batting: LHB Pedro Guerrero 0-0: Foul Ball, location: 2F
0-1: Ball
1-1: Called Strike
1-2: Fly out, F5 (Popup, 5F, EV 76.9 MPH)
Batting: RHB Jim Robbins 0-0: Ground out U3 (Groundball, 34, EV 75.6 MPH)
Batting: RHB Dave Hill 0-0: Ball
1-0: Ball
2-0: Called Strike
2-1: Called Strike
2-2: Foul Ball, location: 2F
2-2: Ball
3-2: SINGLE (Line Drive, 5D, EV 108.1 MPH)
Batting: LHB Pat Carter 0-0: Foul Ball, location: 2F
0-1: Ball
Wild Pitch!
Dave Hill to second
1-1: Fly out, F9 (Flyball, 89D, EV 101.2 MPH)
Top of the 3rd over - 0 runs, 1 hit, 0 errors, 1 left on base; Cape Coral 0 - Grim 6
BOTTOM OF THE 3RD
Grim Reapers batting - Pitching for Cape Coral Reefers : RHP Buzzy Grossman
Batting: LHB Fernando Guillén 0-0: Called Strike
0-1: Fly out, F7 (Flyball, 78XD, EV 98.1 MPH)
Batting: RHB Alfred Coleman 0-0: Ball
1-0: Ball
2-0: Ground out 4-3 (Groundball, 34, EV 98.8 MPH)
Batting: SHB Leonard Davis 0-0: Ball
1-0: Fly out, F8 (Line Drive, 8RD, EV 84.4 MPH)
Bottom of the 3rd over - 0 runs, 0 hits, 0 errors, 0 left on base; Cape Coral 0 - Grim 6
TOP OF THE 4TH
Cape Coral Reefers batting - Pitching for Grim Reapers : RHP Jack Walker
Batting: LHB Fernando Negrete 0-0: Foul Ball, location: 2F
0-1: Swinging Strike
0-2: Foul Ball, location: 2F
0-2: Strikes out swinging
Batting: RHB Sadiya Seth 0-0: Ball
1-0: SINGLE (Groundball, 6MD, EV 99.4 MPH)
Batting: RHB Axel Ruschmeyer 0-0: Ball
Passed Ball!
Sadiya Seth to second
1-0: Fly out, F3 (Line Drive, 3, EV 69.4 MPH)
Batting: RHB Jeff Bowers 0-0: Called Strike
0-1: Ball
1-1: SINGLE (Line Drive, 78S, EV 91.9 MPH)
Sadiya Seth to third
Runner from 3rd tries for Home, SAFE, no throw by LF
Batting: RHB Woong Byeon 0-0: Called Strike
0-1: Ball
1-1: Foul Ball, location: 2F
1-2: Ball
Jeff Bowers steals 2nd base
2-2: Foul Ball, location: 2F
2-2: Foul Ball, location: 2F
2-2: Fly out, F9 (Flyball, 9LSF, EV 97.5 MPH)
Top of the 4th over - 1 run, 2 hits, 0 errors, 1 left on base; Cape Coral 1 - Grim 6
BOTTOM OF THE 4TH
Grim Reapers batting - Pitching for Cape Coral Reefers : RHP Buzzy Grossman
Pitching: RHP Jackson Cluff
Batting: LHB Lorenzo Ortíz 0-0: Ground out 6-3 (Groundball, 6, EV 103.8 MPH)
Batting: RHB Cristo Mercado 0-0: Ball
1-0: Ground out 5-3 (Groundball, 56, EV 84.4 MPH)
Batting: RHB Lonnie Doble 0-0: Ball
1-0: Called Strike
1-1: Swinging Strike
1-2: Ball
2-2: Foul Ball, location: 2F
2-2: Foul Ball, location: 2F
2-2: Foul Ball, location: 2F
2-2: Strikes out swinging
Bottom of the 4th over - 0 runs, 0 hits, 0 errors, 0 left on base; Cape Coral 1 - Grim 6
TOP OF THE 5TH
Cape Coral Reefers batting - Pitching for Grim Reapers : RHP Jack Walker
Batting: LHB Pedro Guerrero 0-0: Swinging Strike
0-1: Ball
1-1: Ball
2-1: Fly out, F5 (Popup, 5SF, EV 84.4 MPH)
Batting: RHB Jim Robbins 0-0: Ball
1-0: Foul Ball, location: 2F
1-1: Ball
2-1: Ball
3-1: Ground out 6-3 (Groundball, 6, EV 101.9 MPH)
Batting: RHB Dave Hill 0-0: Called Strike
0-1: SINGLE (Groundball, 6D, EV 101.2 MPH)
Batting: LHB Pat Carter 0-0: Called Strike
0-1: Foul Ball, location: 2F
0-2: Ball
1-2: Strikes out swinging
Top of the 5th over - 0 runs, 1 hit, 0 errors, 1 left on base; Cape Coral 1 - Grim 6
BOTTOM OF THE 5TH
Grim Reapers batting - Pitching for Cape Coral Reefers : RHP Jackson Cluff
Batting: SHB Fernando Urby 0-0: Called Strike
0-1: Called Strike
0-2: Ball
1-2: Strikes out swinging
Batting: LHB Lonnie Baker 0-0: Ball
1-0: Ball
2-0: Foul Ball, location: 2F
2-1: Foul Ball, location: 2F
2-2: Strikes out swinging
Batting: RHB Hayes Rutherford 0-0: Ball
1-0: Called Strike
1-1: Ball
2-1: Ball
3-1: Fly out, F7 (Flyball, 7S, EV 83.1 MPH)
Bottom of the 5th over - 0 runs, 0 hits, 0 errors, 0 left on base; Cape Coral 1 - Grim 6
TOP OF THE 6TH
Cape Coral Reefers batting - Pitching for Grim Reapers : RHP Jack Walker
Batting: LHB Fernando Negrete 0-0: SINGLE (Groundball, 56S, EV 70.6 MPH) (infield hit)
Batting: RHB Sadiya Seth 0-0: Called Strike
0-1: SINGLE (Line Drive, 5L, EV 93.8 MPH)
Fernando Negrete to second
Batting: RHB Axel Ruschmeyer 0-0: Called Strike
0-1: SINGLE (Flyball, 7S, EV 93.1 MPH)
Fernando Negrete to third
Sadiya Seth to second
Batting: RHB Jeff Bowers 0-0: Ball
Wild Pitch!
Fernando Negrete scores
Sadiya Seth to third
Axel Ruschmeyer to second
1-0: Ball
2-0: Foul Ball, location: 2F
2-1: SINGLE (Line Drive, 6D, EV 100.0 MPH)
Sadiya Seth scores
Axel Ruschmeyer to third
Batting: RHB Woong Byeon 0-0: Ball
1-0: SINGLE (Line Drive, 9LS, EV 100.0 MPH)
Axel Ruschmeyer scores
Jeff Bowers to second
Runner from 2nd tries for 3rd, SAFE, throw by RF made to third
Pitching: RHP Marty Beard
Batting: LHB Pedro Guerrero 0-0: Swinging Strike
0-1: Swinging Strike
0-2: Strikes out swinging
Batting: RHB Jim Robbins 0-0: Ball
1-0: Called Strike
1-1: Swinging Strike
1-2: Ball
2-2: Strikes out swinging
Batting: RHB Dave Hill 0-0: Ball
1-0: Foul Ball, location: 2F
1-1: Ball
2-1: Foul Ball, location: 2F
2-2: Foul Ball, location: 2F
2-2: Strikes out looking
Top of the 6th over - 3 runs, 5 hits, 0 errors, 2 left on base; Cape Coral 4 - Grim 6
BOTTOM OF THE 6TH
Grim Reapers batting - Pitching for Cape Coral Reefers : RHP Jackson Cluff
Batting: LHB Fernando Guillén 0-0: Called Strike
0-1: Foul Ball, location: 2F
0-2: Ball
1-2: Strikes out swinging, 2-3 out at first.
Batting: RHB Alfred Coleman 0-0: Ball
1-0: Called Strike
1-1: SINGLE (Groundball, 56, EV 100.0 MPH) (infield hit)
Pitching: RHP Tom Lewis
Batting: SHB Leonard Davis 0-0: Grounds into double play, 6-4-3 (Groundball, 6, EV 108.8 MPH)
Bottom of the 6th over - 0 runs, 1 hit, 0 errors, 0 left on base; Cape Coral 4 - Grim 6
TOP OF THE 7TH
Cape Coral Reefers batting - Pitching for Grim Reapers : RHP Marty Beard
Batting: LHB Pat Carter 0-0: DOUBLE (Line Drive, 5D, EV 99.4 MPH)
Batting: LHB Fernando Negrete 0-0: Ball
Passed Ball!
Pat Carter to third
1-0: Foul Ball, location: 2F
1-1: Ball
2-1: Called Strike
2-2: Foul Ball, location: 2F
2-2: SINGLE (Groundball, 34D, EV 107.5 MPH)
Pat Carter scores
Batting: RHB Sadiya Seth 0-0: Foul Ball, location: 2F
0-1: Swinging Strike
0-2: Ball
1-2: Ball
2-2: Ball
3-2: Foul Ball, location: 2F
3-2: Fly out, F1 (Line Drive, P, EV 66.2 MPH)
Batting: RHB Axel Ruschmeyer 0-0: Called Strike
0-1: Called Strike
0-2: Strikes out swinging
Batting: RHB Jeff Bowers 0-0: Called Strike
0-1: Ball
1-1: Foul Ball, location: 2F
1-2: Ball
2-2: Foul Ball, location: 2F
2-2: TRIPLE (Line Drive, 8LXD, EV 103.8 MPH)
Fernando Negrete scores
Batting: RHB Woong Byeon 0-0: Called Strike
0-1: Fly out, F9 (Flyball, 89S, EV 88.1 MPH)
Top of the 7th over - 2 runs, 3 hits, 0 errors, 1 left on base; Cape Coral 6 - Grim 6
BOTTOM OF THE 7TH
Grim Reapers batting - Pitching for Cape Coral Reefers : RHP Tom Lewis
Batting: LHB Lorenzo Ortíz 0-0: Called Strike
0-1: Ball
1-1: Foul Ball, location: 2F
1-2: Foul Ball, location: 2F
1-2: Strikes out swinging
Batting: RHB Cristo Mercado 0-0: Called Strike
0-1: Called Strike
0-2: Ground out 6-3 (Groundball, 6, EV 88.8 MPH)
Batting: RHB Lonnie Doble 0-0: Foul Ball, location: 2F
0-1: Swinging Strike
0-2: Ball
1-2: Foul Ball, location: 2F
1-2: Ball
2-2: Foul Ball, location: 2F
2-2: Ball
3-2: Ground out 5-3 (Groundball, 56, EV 84.4 MPH)
Bottom of the 7th over - 0 runs, 0 hits, 0 errors, 0 left on base; Cape Coral 6 - Grim 6
TOP OF THE 8TH
Cape Coral Reefers batting - Pitching for Grim Reapers : RHP Marty Beard
Batting: LHB Pedro Guerrero 0-0: Called Strike
0-1: Ball
1-1: SINGLE (Groundball, 4MD, EV 103.1 MPH)
Pitching: RHP Alex O'Dell
Batting: RHB Jim Robbins 0-0: Called Strike
0-1: Sac Bunt to 13 - play at first, batter OUT! 1-4
Pedro Guerrero to second
Batting: RHB Dave Hill 0-0: Called Strike
Pedro Guerrero steals 3rd base
0-1: Ball
1-1: Foul Ball, location: 2F
1-2: Strikes out looking
Batting: LHB Pat Carter 0-0: Called Strike
0-1: Foul Ball, location: 2F
0-2: Ball
1-2: Strikes out looking
Top of the 8th over - 0 runs, 1 hit, 0 errors, 1 left on base; Cape Coral 6 - Grim 6
BOTTOM OF THE 8TH
Grim Reapers batting - Pitching for Cape Coral Reefers : RHP Tom Lewis
Batting: SHB Fernando Urby 0-0: Ball
1-0: Ground out 4-3 (Groundball, 4, EV 86.9 MPH)
Batting: LHB Lonnie Baker 0-0: Ball
1-0: Foul Ball, location: 2F
1-1: Called Strike
1-2: Foul Ball, location: 2F
1-2: Foul Ball, location: 2F
1-2: Strikes out swinging
Batting: RHB Hayes Rutherford 0-0: Foul Ball, location: 2F
0-1: Foul Ball, location: 2F
0-2: Ball
1-2: Ground out 5-3 (Groundball, 56, EV 79.4 MPH)
Bottom of the 8th over - 0 runs, 0 hits, 0 errors, 0 left on base; Cape Coral 6 - Grim 6
TOP OF THE 9TH
Cape Coral Reefers batting - Pitching for Grim Reapers : RHP Alex O'Dell
Batting: LHB Fernando Negrete 0-0: Ball
1-0: Ball
2-0: Ball
3-0: Called Strike
3-1: DOUBLE (Groundball, 5L, EV 100.6 MPH)
Batting: RHB Sadiya Seth 0-0: Swinging Strike
0-1: Ball
1-1: Swinging Strike
Passed Ball!
Fernando Negrete to third
1-2: Ground out 5-3 (Groundball, 56, EV 102.5 MPH)
Batting: RHB Axel Ruschmeyer 0-0: Ball
1-0: Fly out, F4 (Popup, 34S, EV 69.4 MPH)
Batting: RHB Jeff Bowers 0-0: Intentional Walk
Batting: RHB Woong Byeon 0-0: Ball
1-0: Called Strike
1-1: Called Strike
1-2: SINGLE (Flyball, 89M, EV 93.8 MPH)
Fernando Negrete scores
Jeff Bowers to second
Runner from 2nd tries for 3rd, SAFE, throw by CF made to third
Now in RF: Chi-eun Mun
Batting: LHB Pedro Guerrero 0-0: Ball
1-0: Foul Ball, location: 2F
1-1: Ball
2-1: Ball
3-1: Foul Ball, location: 2F
3-2: SINGLE (Line Drive, 6D, EV 98.8 MPH)
Jeff Bowers scores
Woong Byeon to second
Woong Byeon to third
Batting: RHB Jim Robbins 0-0: Foul Ball, location: 2F
0-1: SINGLE (Line Drive, 34D, EV 106.2 MPH)
Woong Byeon scores
Pedro Guerrero to second
Batting: RHB Dave Hill 0-0: Ball
1-0: Ground out 3-1 (Groundball, 34, EV 80.0 MPH)
Top of the 9th over - 3 runs, 4 hits, 0 errors, 2 left on base; Cape Coral 9 - Grim 6
BOTTOM OF THE 9TH
Grim Reapers batting - Pitching for Cape Coral Reefers : RHP Tom Lewis
Pitching: RHP Bill Glenn
Batting: LHB Fernando Guillén 0-0: Ball
1-0: Ball
2-0: Called Strike
2-1: Ground out 4-3 (Groundball, 4, EV 88.8 MPH)
Batting: RHB Alfred Coleman 0-0: Ground out 4-3 (Groundball, 4, EV 89.4 MPH)
Batting: SHB Leonard Davis 0-0: Fly out, F9 (Flyball, 9, EV 94.4 MPH)
Bottom of the 9th over - 0 runs, 0 hits, 0 errors, 0 left on base; Cape Coral 9 - Grim 6
Friday, April 17th, 2020 - OOTP Baseball 20.8 Build 74